 Dungeon Crawl Stone Soup version 0.23.0 (webtiles) character file.

Game seed: 63964665848632520

104 Monsterracer the Cutter (level 4, 0/37 HPs)
             Began as a Hill Orc Enchanter on Feb 16, 2019.
             Slain by an iguana (8 damage)
             ... on level 4 of the Dungeon.
             The game lasted 00:03:08 (3611 turns).

Monsterracer the Cutter (Hill Orc Enchanter)        Turns: 3611, Time: 00:03:09

Health: 0/37       AC:  5    Str: 11    XL:     4   Next: 80%
Magic:  6/6        EV: 12    Int: 15    God:
Gold:   222        SH:  7    Dex: 11    Spells: 5/6 levels left

rFire    . . .     SeeInvis .   a - +1 dagger
rCold    . . .     Gourm    .   b - +1 shield
rNeg     . . .     Faith    .   j - +0 ring mail
rPois    .         Spirit   .   (no helmet)
rElec    .         Reflect  .   (no cloak)
rCorr    .         Harm     .   (no gloves)
MR       .....                  (no boots)
Stlth    ..........             (no amulet)
HPRegen  0.12/turn              k - ring of attention (curse)
MPRegen  0.10/turn              g - +5 ring of evasion

@: no status effects
A: no striking features
a: no special abilities


You were on level 4 of the Dungeon.
You were hungry.

You visited 1 branch of the dungeon, and saw 4 of its levels.

You collected 222 gold pieces.

Inventory:

Hand Weapons
 a - a +1 dagger (weapon)
 i - a +0 club
Armour
 b - a +1 shield (worn)
 j - a +0 ring mail (worn)
Jewellery
 g - a +5 ring of evasion (right hand)
 k - a cursed ring of attention (left hand)
 q - a +3 ring of dexterity
 C - an uncursed ring of protection from cold {!d}
Scrolls
 l - a scroll of enchant armour
 r - 4 scrolls of remove curse
Potions
 d - 2 potions of heal wounds
 e - 4 potions of curing
 h - a potion of cancellation
 m - a potion of mutation {unknown}
 n - 2 potions of brilliance
 o - a potion of experience {unknown}
 p - a potion of ambrosia {unknown}
 s - 2 potions of resistance
Comestibles
 c - 7 rations


   Skills:
 + Level 2.7 Fighting
 * Level 3.6 Short Blades
 - Level 1.5 Dodging
 - Level 2.4 Stealth
 + Level 0.0 Shields
 - Level 1.5 Spellcasting
 - Level 3.0 Hexes


You had 5 spell levels left.
You knew the following spells:

 Your Spells              Type           Power        Failure   Level  Hunger
j - Corona                Hex            ##.....      75%         1    ##.....

Your spell library contained the following spells:

 Spells                   Type           Power        Failure   Level  Hunger
 Slow                     Hex            ##......     87%         2    ###....
 Ensorcelled Hibernation  Hex/Ice        #.....       97%         2    ###....
 Confuse                  Hex            ##......     98%         3    ####...
 Tukima's Dance           Hex            ##......     98%         3    ####...
 Magic Dart               Conj           #...         99%         1    ##.....
 Blink                    Tloc           N/A          99%         2    ###....
 Call Imp                 Summ           #.......     99%         2    ###....
 Conjure Flame            Conj/Fire      #.......     100%        3    ####...
 Dazzling Spray           Conj/Hex       #.....       100%        3    ####...
 Mephitic Cloud           Conj/Pois/Air  #.......     100%        3    ####...


Dungeon Overview and Level Annotations

Branches:
Dungeon (4/15)
 Temple: D:4-7

Altars:
Gozag
Nemelex Xobeh
Qazlal
Trog
The Shining One


Message History

s - 2 chunks of flesh
Things that are here:
15 stones; a hobgoblin skeleton
Things that are here:
15 stones; a hobgoblin skeleton Eating one of 2 chunks of flesh.
You eat one of the 2 chunks of flesh.
This raw flesh tastes terrible.
You are feeling hungry.
Eating a chunk of flesh.
You eat the chunk of flesh.
This raw flesh tastes terrible.
Key pressed, stopping explore.
No target in view!
c - 7 rations (gained 1)
f - a scroll of identify;
s - 2 sedimented amethyst potions
e - 4 potions of curing (gained 1)
Found a leather armour.
No target in view!
You open the door.
There is an open door here.
There is an open door here.
Key pressed, stopping explore.
No target in view!
As you read the scroll of identify, it crumbles to dust.
s - 2 potions of resistance
f - a scroll labeled HEILAP EBBAO You now have 222 gold pieces (gained 12).
You see here 19 stones.
You see here 10 stones.
Key pressed, stopping explore.
You are feeling hungry.
You enter the shallow water.
Moving in this stuff is going to be slow.
You enter the shallow water.
Moving in this stuff is going to be slow.
You enter the shallow water.
Moving in this stuff is going to be slow.
You enter the shallow water.
Moving in this stuff is going to be slow.
Done exploring.
As you read the scroll labeled HEILAP EBBAO, it crumbles to dust.
You experience a momentary feeling of inescapable doom!
It was a scroll of random uselessness.
You see here a +0 robe.
There is an open door here.
There is a stone staircase leading down here.
You climb downwards.
There is a stone staircase leading up here.
Unknown command.
As you open the door, it creaks loudly!
Found a long sword.
No target in view!
There is an open door here.
You open the large door.
An iguana comes into view.
The iguana hisses angrily.
Found 28 stones.
There is a large open door here.
You hit the iguana but do no damage. The iguana misses you.
An iguana is nearby!
You hit the iguana.
The iguana is moderately wounded.
A giant cockroach comes into view.
You hit the iguana.
The iguana is heavily wounded.
The iguana bites you but does no damage.
You hit the iguana but do no damage.
The iguana is heavily wounded.
The iguana barely misses you.
You hit the iguana but do no damage.
The iguana is heavily wounded.
The iguana barely misses you.
The giant cockroach waves its antennae.
You block the giant cockroach's attack.
You hit the iguana.
The iguana is severely wounded.
You block the giant cockroach's attack. The iguana bites you!
You take 9 damage, and have 28/37 hp.
MASSIVE DAMAGE!!
You closely miss the iguana.
The iguana is severely wounded.
The giant cockroach barely misses you. The iguana bites you!
* * * LOW HITPOINT WARNING * * *
You take 10 damage, and have 18/37 hp.
MASSIVE DAMAGE!!
Unknown command.
The giant cockroach closely misses you.
There is an open door here.
You hit the iguana but do no damage.
The iguana is severely wounded.
The iguana bites you!
* * * LOW HITPOINT WARNING * * *
You take 11 damage, and have 8/37 hp.
MASSIVE DAMAGE!!
You hit the iguana.
The iguana is severely wounded.
You block the iguana's attack.
You hit the iguana.
The iguana is severely wounded.
You block the iguana's attack.
You hit the iguana.
The iguana is almost dead.
The iguana bites you!
You die...

##+## ... ##..<##
...... ##.....##
...... #.......##
......
#.........####......
+........@ls.......
#.........#.......#
##.......##...#.#.#
##....####''##
##...#..(.....#
..#+##........# #.
#..⌠♣♣...# #..♣ ♣..#
#.. ..#


You could see an iguana and a giant cockroach.

Vanquished Creatures
  3 adders (D:2)
  An ooze (D:1)
  3 worms (D:2)
  A dart slug (D:2)
  A leopard gecko (D:2)
  A ball python (D:2)
  2 giant cockroaches
  4 goblins
  4 hobgoblins
  13 jackals
  2 quokkas
  5 bats
  7 frilled lizards
  7 kobolds
  5 rats
59 creatures vanquished.

Notes
Turn   | Place    | Note
-------+----------+-------------------------------------------
     0 | D:1      | Monsterracer the Hill Orc Enchanter began the quest for the
                  | Orb.
     0 | D:1      | Reached XP level 1. HP: 14/14 MP: 3/3
    24 | D:1      | HP: 7/14 [kobold (2)]
   213 | D:1      | Reached XP level 2. HP: 22/22 MP: 4/4
   215 | D:1      | Reached skill level 1 in Fighting
   456 | D:1      | HP: 9/23 [jackal (3)]
   463 | D:1      | HP: 2/23 [jackal (3)]
   796 | D:1      | Reached XP level 3. HP: 28/28 MP: 5/5
  1076 | D:1      | Found a sparkling altar of Nemelex Xobeh.
  1402 | D:2      | Found a bloodstained altar of Trog.
  1601 | D:2      | HP: 10/29 [worm (10)]
  1890 | D:2      | Reached XP level 4. HP: 36/36 MP: 6/6
  2554 | D:2      | Found an opulent altar of Gozag.
  2897 | D:3      | Found a stormy altar of Qazlal.
  3125 | D:3      | Found a glowing golden altar of the Shining One.
  3252 | D:3      | Found a faded altar of an unknown god.
  3603 | D:4      | HP: 18/37 [iguana (10)]
  3608 | D:4      | HP: 8/37 [iguana (11)]
  3611 | D:4      | Slain by an iguana

Skill      XL: |  1  2  3 |
---------------+----------+-----
Fighting       | 1 2 |  2.7
Short Blades   | 2 3 |  3.6
Dodging        | |  1.5
Stealth        | |  2.4
Spellcasting   | |  1.5
Hexes          | |  3.0

Action                   |  1- 3 |  4- 6 || total
-------------------------+-------+-------++-------
Melee: Dagger            |   157 |   109 ||   266
 Cast: Corona            |     3 |       ||     3
  Use: Scroll            |       |    13 ||    13
 Stab: Sleeping          |     5 |     3 ||     8
  Eat: Chunk             |     3 |     5 ||     8
Armor: Robe              |    21 |    18 ||    39
       Ring mail         |       |     1 ||     1
Dodge: Dodged            |    91 |    61 ||   152
Block: Shield            |       |     7 ||     7

Levels and vault maps discovered:
D:1:      lightli_arrival_lavapool, layout_loops_ring, grunt_decor_one_mirror,
          nemelex_diamond_rough_becter
D:2:      layout_loops_ring, lemuel_doored_altar, bloody_trog, first_ration,
          hangedman_decor_growths
D:3:      layout_basic, tso_metal_star, grunt_qazlal_sundering,
          chequers_ecumenical_altar_twisty, serial_bayou_crossing
D:4:      layout_loops_corners, eat_drink_and_be_merry_uskayaw, serial_shops,
          nicolae_shop_stone, kennysheep_generic_room_7, uniq_ijyb
